 Dungeon Crawl Stone Soup version 0.20-a0-893-g832831a (webtiles) character file.

5452 dvd the Thaumaturge (level 10, -8/56 HPs)
             Began as a Deep Elf Fire Elementalist on Mar 16, 2017.
             Was a Believer of Vehumet.
             Mangled by Grum
             ... wielding a +1 spear
              (13 damage)
             ... on level 8 of the Dungeon.
             The game lasted 00:28:41 (8267 turns).

dvd the Thaumaturge (Deep Elf Fire Elementalist)    Turns: 8267, Time: 00:28:42

Health: -8/56      AC:  8    Str:  5    XL:     10   Next: 41%
Magic:  1/20       EV: 15    Int: 24    God:    Vehumet [**....]
Gold:   435        SH:  0    Dex: 15    Spells: 6/28 levels left

rFire    . . .     SeeInvis .   s - +6 quarterstaff (chaos)
rCold    . . .     Gourm    +   a - +0 robe
rNeg     + . .     Faith    .   (shield currently unavailable)
rPois    .         Spirit   .   m - +0 helmet
rElec    .         Reflect  .   t - +2 cloak
rCorr    .         Harm     .   (no gloves)
MR       +....     Rnd*Tele +   u - +1 pair of boots
Stlth    +++.......             A - amulet of the gourmand
Regen    0.0/turn               v - ring of positive energy (curse)
MPRegen  0.2/turn               B - ring of teleportation (curse)

@: very slightly contaminated
A: blink, low mp 2, sense surroundings 1, inhibited regeneration, sturdy frame 1
a: Blink, Renounce Religion


You were on level 8 of the Dungeon.
You worshipped Vehumet.
Vehumet was pleased with you.
You were completely stuffed.

You visited 2 branches of the dungeon, and saw 9 of its levels.

You collected 435 gold pieces.

Inventory:

Hand Weapons
 g - a cursed -1 dagger
 s - a +6 quarterstaff of chaos (weapon)
Armour
 a - a +0 robe (worn)
 m - a +0 helmet (worn)
 t - a +2 cloak (worn)
 u - a +1 pair of boots (worn)
 y - a +3 ring mail
Jewellery
 e - an uncursed ring of positive energy
 v - a cursed ring of positive energy (right hand)
 A - an amulet of the gourmand (around neck)
 B - a cursed ring of teleportation (left hand)
Wands
 i - a wand of flame (23/48)
 q - a wand of disintegration (10/24)
 w - a wand of confusion (46/48)
 x - a wand of paralysis (6/24)
 C - a wand of lightning (8/15)
Scrolls
 j - 2 scrolls of magic mapping
 k - 9 scrolls of identify
 l - 3 scrolls of teleportation
 E - a scroll of recharging
Potions
 o - a potion of flight
Books
 b - a book of Flames

   Spells                             Type                      Level
   a - Flame Tongue                   Conjuration/Fire             1
   b - Throw Flame                    Conjuration/Fire             2
   c - Conjure Flame                  Conjuration/Fire             3
   d - Inner Flame                    Hexes/Fire                   3
   e - Sticky Flame                   Conjuration/Fire             4
   f - Fireball                       Conjuration/Fire             5
 n - a book of Necromancy

   Spells                             Type                      Level
   a - Pain                           Necromancy                   1
   b - Animate Skeleton               Necromancy                   1
   c - Vampiric Draining              Necromancy                   3
   d - Regeneration                   Charms/Necromancy            3
   e - Animate Dead                   Necromancy                   4
   f - Control Undead                 Necromancy                   4
Comestibles
 c - 7 bread rations
 f - 6 meat rations
 h - 8 chunks of flesh
 z - 29 fruits


   Skills:
 + Level 3.3 Fighting
 + Level 6.4 Staves
 + Level 1.9 Armour
 + Level 5.4 Dodging
 + Level 5.5 Stealth
 + Level 9.6 Spellcasting
 + Level 6.6 Conjurations
 + Level 2.2 Charms
 + Level 1.6 Necromancy
 + Level 8.4 Fire Magic
 + Level 0.6 Air Magic
 + Level 0.4 Evocations


You had 6 spell levels left.
You knew the following spells:

 Your Spells              Type           Power        Failure   Level  Hunger
a - Flame Tongue          Conj/Fire      #####        1%          1    None
b - Throw Flame           Conj/Fire      #####.       1%          2    None
c - Conjure Flame         Conj/Fire      #####...     1%          3    None
d - Sticky Flame          Conj/Fire      #####...     2%          4    #......
e - Regeneration          Chrm/Necr      ###.......   10%         3    None
f - Fireball              Conj/Fire      #####.....   10%         5    ####...
g - Shock                 Conj/Air       ####         1%          1    None
h - Vampiric Draining     Necr           ###.......   10%         3    None


Dungeon Overview and Level Annotations

Branches:
Dungeon (8/15)             Temple (1/1) D:6
   Lair: D:8-11

Altars:
Ashenzari
Cheibriados
Dithmenos
Fedhas
Gozag
Hepliaklqana
Kikubaaqudgha
Makhleb
Nemelex Xobeh
Qazlal
Ru
Sif Muna
Uskayaw
Vehumet
Wu Jian
Xom
Zin
The Shining One

Annotations:
D:8 Grum


Innate Abilities, Weirdness & Mutations

You can translocate small distances at will.
Your magical capacity is very low. (-20% MP)
You passively map a small area around you.
You do not regenerate when monsters are visible.
Your movements are slightly less encumbered by armour. (ER -2)


Message History

Grum lets out an intimidating howl.
Grum hits you with an enchanted spear!!
* * * LOW HITPOINT WARNING * * *
Grum hits you with an enchanted spear!
* * * LOW HITPOINT WARNING * * *
Unknown command.
Okay, then.
Unknown command.
Press: ? - help, v - describe, . - travel
Here: Grum, wielding an enchanted spear, wearing a glowing animal skin and wearing a large shield (heavily wounded, fast, poisoned)
The floor.
Unknown command.
Unknown command.
Evoke which item? (* to show all) (? for menu, Esc to quit)
Aiming: Paralyse
Press: ? - help, Shift-Dir - straight line, f/p - Grum
Aim: Grum, wielding an enchanted spear, wearing a glowing animal skin and wearing a large shield (heavily wounded, fast, poisoned, chance to defeat MR: 55%) Grum resists with significant effort.
This wand has 6 charges left.
Grum hits you with an enchanted spear!
You die...

......... ........
...... , ** * **
*#...#* , ,
#$..#*######** **
#...##.....##* *
#............ *
#...@g.....# *##*
#.......#....*, ..
###########...###.#
,*# #####.#
#........†....#
..., .....hh
#.....$.......#*
### * #.....#
#..#######........*
#.###* #..
#....#.## #..*
#.#.#..# , #..
........, * *


You could see Grum.

Vanquished Creatures
  A two-headed ogre (D:8)
  An ugly thing (D:7)
  Maurice (D:8)
  A centaur skeleton (D:8)
  The ghost of Yehuk the Arsonist, a novice DEFE of Vehumet (D:5)
  Prince Ribbit (D:4)
  A hippogriff (D:6)
  A wyvern (D:5)
  A vampire mosquito (D:7)
  Edmund (D:4)
  An orc warrior (D:7)
  A sky beast (D:7)
  An ice beast (D:7)
  A black bear (D:6)
  A phantom (D:5)
  An ogre (D:5)
  3 wolves (D:8)
  2 big kobolds
  5 bullfrogs
  3 killer bees (D:7)
  2 scorpions
  4 wights (D:6)
  A centaur zombie (D:6)
  6 crimson imps
  3 hounds
  2 jellies (D:6)
  2 orc priests
  A gnoll shaman (D:8)
  4 iguanas
  Ijyb (D:3)
  Crazy Yiuf (D:2)
  3 orc wizards
  4 worker ants
  9 gnolls
  14 adders
  A shadow imp (D:7)
  3 oozes (D:3)
  2 adder zombies
  2 worms
  A dart slug (D:1)
  4 leopard geckos
  24 orcs
  12 giant cockroaches
  11 goblins
  3 hobgoblins (D:2)
  2 jackals (D:1)
  3 quokkas
  A ball python (D:5)
  6 bats
  2 frilled lizards
  11 kobolds
  A quokka zombie (D:4)
  7 rats
  A fungus (D:2)
183 creatures vanquished.

Vanquished Creatures (others)
  An adder (D:7)
1 creature vanquished.

Grand Total: 184 creatures vanquished

Notes
Turn   | Place    | Note
-------+----------+-------------------------------------------
     0 | D:1      | dvd the Deep Elf Fire Elementalist began the quest for the Orb.
     0 | D:1      | Reached XP level 1. HP: 10/10 MP: 6/6
   392 | D:1      | Reached XP level 2. HP: 15/15 MP: 6/8
   423 | D:1      | Learned a level 2 spell: Throw Flame
  1023 | D:2      | Reached XP level 3. HP: 19/19 MP: 7/9
  1031 | D:2      | Learned a level 3 spell: Conjure Flame
  1745 | D:2      | Found a runed door.
  1749 | D:2      | Noticed Crazy Yiuf
  1755 | D:2      | Killed Crazy Yiuf
  1755 | D:2      | Reached XP level 4. HP: 24/24 MP: 2/11
  1884 | D:3      | Reached skill level 4 in Spellcasting
  1891 | D:3      | Found a stormy altar of Qazlal.
  1904 | D:3      | Noticed Ijyb
  2010 | D:3      | Killed Ijyb
  2035 | D:3      | Reached XP level 5. HP: 26/28 MP: 9/13
  2041 | D:3      | Learned a level 4 spell: Sticky Flame
  2336 | D:3      | Reached skill level 5 in Fire Magic
  2467 | D:3      | Reached skill level 5 in Spellcasting
  2770 | D:4      | Found a sacrificial altar of Ru.
  2771 | D:4      | Found a stormy altar of Qazlal.
  2920 | D:4      | Noticed Edmund
  2934 | D:4      | Killed Edmund
  2934 | D:4      | Reached skill level 1 in Staves
  2934 | D:4      | Reached XP level 6. HP: 25/33 MP: 3/15
  3042 | D:4      | Learned a level 3 spell: Regeneration
  3420 | D:5      | Entered Level 5 of the Dungeon
  3421 | D:5      | Noticed Yehuk's ghost (novice DEFE)
  3439 | D:5      | Killed Yehuk's ghost
  3439 | D:5      | Reached skill level 1 in Fighting
  3439 | D:5      | Reached skill level 6 in Spellcasting
  3439 | D:5      | Reached XP level 7. HP: 22/38 MP: 0/18
  3589 | D:5      | Learned a level 5 spell: Fireball
  3738 | D:5      | Found a shattered altar of Ashenzari.
  3741 | D:5      | Found a radiant altar of Vehumet.
  3741 | D:5      | Found a blossoming altar of Fedhas.
  3744 | D:5      | Noticed Prince Ribbit
  3760 | D:4      | Killed Prince Ribbit
  3924 | D:5      | Noticed a wyvern
  3931 | D:5      | Killed a wyvern
  3931 | D:5      | Reached XP level 8. HP: 10/43 MP: 5/20
  4113 | D:5      | Found an ornate altar of the Wu Jian Council.
  4151 | D:5      | Reached skill level 1 in Charms
  4189 | D:5      | Reached skill level 7 in Spellcasting
  4400 | D:5      | Became a worshipper of Vehumet
  5089 | D:5      | Reached skill level 1 in Armour
  5380 | D:6      | Found a staircase to the Ecumenical Temple.
  5398 | Temple   | Entered the Ecumenical Temple
  5682 | D:6      | Reached skill level 5 in Conjurations
  5966 | D:6      | Reached XP level 9. HP: 48/48 MP: 15/22
  5997 | D:6      | Reached skill level 8 in Spellcasting
  6470 | D:7      | Reached * piety under Vehumet
  6470 | D:7      | Offered knowledge of Shock by Vehumet.
  6799 | D:7      | Learned a level 1 spell: Shock
  6865 | D:7      | Reached skill level 5 in Staves
  6928 | D:7      | Reached skill level 1 in Necromancy
  6984 | D:7      | Gained mutation: Your magical capacity is low. (-10% MP) [mutagenic meat]
  6985 | D:7      | Gained mutation: Your movements are slightly less encumbered by armour. (ER -2) [mutagenic meat]
  6986 | D:7      | Gained mutation: You do not regenerate when monsters are visible. [mutagenic meat]
  6987 | D:7      | Gained mutation: Scrolls take you a little longer to read. [mutagenic meat]
  6988 | D:7      | Lost mutation: Scrolls take you a little longer to read. [mutagenic meat]
  6989 | D:7      | Gained mutation: You can translocate small distances at will. [mutagenic meat]
  7366 | D:7      | Noticed a purple ugly thing
  7385 | D:7      | Killed a purple ugly thing
  7385 | D:7      | Reached skill level 5 in Dodging
  7385 | D:7      | Reached skill level 5 in Stealth
  7395 | D:7      | Gained mutation: You passively map a small area around you. [mutagenic meat]
  7396 | D:7      | Gained mutation: Your magical capacity is very low. (-20% MP) [mutagenic meat]
  7575 | D:8      | Reached skill level 9 in Spellcasting
  7575 | D:8      | Reached XP level 10. HP: 55/55 MP: 20/20
  7609 | D:8      | Noticed a two-headed ogre
  7618 | D:8      | Killed a two-headed ogre
  7630 | D:8      | Noticed Grum
  7890 | D:7      | Learned a level 3 spell: Vampiric Draining
  7928 | D:8      | Noticed Maurice
  7938 | D:8      | Killed Maurice
  8059 | D:8      | Offered knowledge of Sting by Vehumet.
  8064 | D:8      | Reached ** piety under Vehumet
  8267 | D:8      | Mangled by Grum

Vault maps used:
D:1:      scummos_arrival_forest
D:2:      minmay_vboxes, uniq_crazy_yiuf_cottage
D:3:      minmay_roachtagon, nicolae_qazlal_general_emergency, uniq_iyjb
D:4:      gammafunk_temple_overflow_statue, first_bread, bh_walls_and_bars,
          uniq_edmund
D:5:      grunt_temple_overflow_open, uniq_prince_ribbit1
D:6:      temple_statues, corner_web_ring, kennysheep_generic_room_6
D:7:      minmay_cornered_nines
D:8:      serial_shops, nicolae_shop_waterfront, blue_anna_alchemist,
          fedhas_altar_fruit_tree, uniq_grum, uniq_maurice
Temple:   minmay_temple_bridge_abc

Skill      XL: |  1  2  3  4  5  6  7  8  9 10 |
---------------+-------------------------------+-----
Fire Magic     | 4 5 6 8 |  8.4
Conjurations   | 2 3 4 5 6 |  6.6
Spellcasting   | 4 5 6 7 9 |  9.6
Staves         | 1 3 4 5 6 |  6.4
Stealth        | 3 4 5 |  5.5
Fighting       | 1 2 3 |  3.3
Dodging        | 3 4 5 |  5.4
Charms         | 1 2 |  2.2
Armour         | 1 |  1.9
Necromancy     | 1 |  1.6
Air Magic      | |  0.6
Evocations     | |  0.4

Action                   |  1- 3 |  4- 6 |  7- 9 | 10-12 || total
-------------------------+-------+-------+-------+-------++-------
Melee: Dagger            |    34 |       |       |       ||    34
       Quarterstaff      |       |    50 |   182 |    18 ||   250
 Cast: Flame Tongue      |    54 |    63 |    54 |     7 ||   178
       Throw Flame       |     6 |    21 |    70 |    10 ||   107
       Sticky Flame      |       |     3 |    19 |     9 ||    31
       Conjure Flame     |       |     2 |       |       ||     2
       Regeneration      |       |       |     7 |     1 ||     8
       Fireball          |       |       |     5 |     2 ||     7
       Shock             |       |       |     6 |     4 ||    10
       Vampiric Draining |       |       |       |     3 ||     3
Evoke: Wand              |       |     3 |       |     1 ||     4
  Use: Scroll            |       |     5 |     8 |     4 ||    17
       Potion            |       |       |     7 |     1 ||     8
 Stab: Paralysed         |       |       |     9 |       ||     9
       Confused          |       |       |     2 |       ||     2
  Eat: Chunk             |     2 |     6 |    27 |    11 ||    46
Armor: Robe              |     2 |    47 |    38 |     6 ||    93
       Ring mail         |       |       |    40 |       ||    40
Dodge: Dodged            |    14 |    65 |   149 |    32 ||   260
